 Dungeon Crawl Stone Soup version 0.22-a0-395-gfed312b (webtiles) character file.

25 iamserjio the Magician (level 3, -1/24 HPs)
             Began as a Barachi Wizard on May 3, 2018.
             Slain by an orc
             ... wielding a +0 mace
              (4 damage)
             ... on level 2 of the Dungeon.
             The game lasted 00:03:02 (1398 turns).

iamserjio the Magician (Barachi Wizard)             Turns: 1398, Time: 00:03:03

Health: -1/24      AC:  2    Str:  8    XL:     3   Next: 6%
Magic:  0/8        EV: 12    Int: 19    God:
Gold:   121        SH:  0    Dex: 10    Spells: 3/9 levels left

rFire    . . .     SeeInvis .   k - +0 short sword
rCold    . . .     Gourm    .   (no shield)
rNeg     . . .     Faith    .   a - +0 robe
rPois    .         Spirit   .   b - +0 hat
rElec    .         Reflect  .   (no cloak)
rCorr    .         Harm     .   (no gloves)
MR       .....                  (no boots)
Stlth    ++........             (no amulet)
HPRegen  0.08/turn              (no ring)
MPRegen  0.11/turn              (no ring)

@: slow
A: +LOS, swims, slowness 1, strong legs 1
a: Hop


You were on level 2 of the Dungeon.
You were near starving.

You visited 1 branch of the dungeon, and saw 2 of its levels.

You collected 121 gold pieces.

Inventory:

Hand Weapons
 g - a +0 dagger
 k - a +0 short sword (weapon)
Armour
 a - a +0 robe (worn)
 b - a +0 hat (worn)
 e - a +0 helmet
 h - a cursed +0 leather armour
Scrolls
 c - a scroll of noise {unknown}
 i - a scroll of identify {unknown}
 j - a scroll of random uselessness {unknown}
 m - a scroll of teleportation {unknown}
Potions
 f - a potion of curing {unknown}
 l - a potion of lignification {unknown}
 n - a potion of magic {unknown}
Comestibles
 d - 5 rations


   Skills:
 - Level 2.1 Dodging
 - Level 1.7 Stealth
 + Level 3.8 Spellcasting
 + Level 2.3 Conjurations
 - Level 1.2 Summonings
   Level 1.1 Translocations


You had 3 spell levels left.
You knew the following spells:

 Your Spells              Type           Power        Failure   Level  Hunger
a - Magic Dart            Conj           ##..         5%          1    None
b - Call Imp              Summ           #.......     13%         2    ##.....
c - Conjure Flame         Conj/Fire      #.......     26%         3    ###....


Dungeon Overview and Level Annotations

Branches:
Dungeon (2/15)

Altars:


Innate Abilities, Weirdness & Mutations

Shadows flee at your approach. (+LOS)
You can swim through water.
You cover ground slowly.
You can hop short distances.


Message History

The orc closely misses you.
You barely miss the orc.
The orc is severely wounded.
The orc barely misses you.
Casting: Magic Dart (safe; 5% risk of failure)
Confirm with . or Enter, or press ? or * to list all spells.
Aiming: Magic Dart (safe; 5% risk of failure)
Press: ? - help, Shift-Dir - straight line, f/p - orc
Aim: an orc, wielding a mace and wearing a chain mail (severely wounded)
The magic dart hits the orc.
The orc is severely wounded.
The orc misses you.
You hit the orc but do no damage.
The orc is severely wounded.
The orc hits you with a mace.
* * * LOW HITPOINT WARNING * * *
You barely miss the orc.
The orc is severely wounded.
The orc hits you with a mace.
You die...

........#..##
##.#####..#
........#.##
#.#.##.##.#
<.......###
#8.8'...###
###.....#
#.#.##.## #
#......
##.##### #
#...... #8.8#
.... ##.##
#.#.# ##
##@###..##
#o#...8.#
+.'#.o..#
+.'#....#
#.#...8.#
#.###..## .#.
### ## #


You could see an orc.

Vanquished Creatures
  A leopard gecko (D:1)
  An orc (D:2)
  2 giant cockroaches (D:1)
  3 goblins (D:1)
  A hobgoblin (D:1)
  5 kobolds
  5 bats (D:1)
  2 frilled lizards (D:1)
  3 rats
23 creatures vanquished.

Vanquished Creatures (others)
  A minotaur (D:1)
  An octopode (D:1)
  A gargoyle (D:1)
  An elf (D:1)
  2 formicids (D:1)
  A vampire (D:1)
  A human (D:1)
  A naga (D:1)
  2 ogres (D:1)
  A centaur (D:1)
  3 mummies (D:1)
  4 tentacles (D:1)
19 creatures vanquished.

Grand Total: 42 creatures vanquished

Notes
Turn   | Place    | Note
-------+----------+-------------------------------------------
     0 | D:1      | iamserjio the Barachi Wizard began the quest for the Orb.
     0 | D:1      | Reached XP level 1. HP: 13/13 MP: 4/4
     2 | D:1      | Noticed an elf
     2 | D:1      | Noticed a vampire
     2 | D:1      | Noticed an ogre
     2 | D:1      | Noticed a minotaur
     2 | D:1      | Noticed a formicid
     2 | D:1      | Noticed a centaur
     2 | D:1      | Noticed a kraken
     2 | D:1      | Noticed a formicid
     2 | D:1      | Noticed a gargoyle
     2 | D:1      | Noticed a human
     2 | D:1      | Noticed an octopode
     2 | D:1      | Noticed a naga
     2 | D:1      | Noticed an ogre
     4 | D:1      | Killed a minotaur
     5 | D:1      | Killed a centaur
     6 | D:1      | Killed a formicid
     9 | D:1      | Killed a gargoyle
    10 | D:1      | Killed an octopode
    11 | D:1      | Killed a human
    13 | D:1      | Killed an elf
    13 | D:1      | Killed an ogre
    14 | D:1      | Killed a formicid
    15 | D:1      | Killed a vampire
    15 | D:1      | Killed an ogre
    15 | D:1      | Killed a naga
   556 | D:1      | Reached XP level 2. HP: 19/19 MP: 0/6
  1170 | D:2      | Learned a level 2 spell: Call Imp
  1322 | D:2      | Reached XP level 3. HP: 24/24 MP: 6/8
  1386 | D:2      | Learned a level 3 spell: Conjure Flame
  1398 | D:2      | Slain by an orc

Vault maps used:
D:1:      nicolae_arrival_kraken_aquarium_b
D:2:      nicolae_overflow_hidden_temple, wad_orctagon, uniq_jessica

Skill      XL: |  1  2 |
---------------+-------+-----
Conjurations   | 2 |  2.3
Dodging        | |  2.1
Stealth        | |  1.7
Spellcasting   | |  3.8
Summonings     | |  1.2
Translocations | |  1.1

Action                   || total
-------------------------++-------
Melee: Unarmed           ||     9
       Dagger            ||     4
       Short sword       ||     4
 Cast: Magic Dart        ||    52
Armor: Robe              ||     7
Dodge: Dodged            ||    33

Table legend:
 A = Spawn XP
 B = Non-spawn XP
 C = Spawn XP percentage of total XP
 D = Spawn monster count
 E = Non-spawn monster count
 F = Spawn count percentage of total count
 G = Total turns spent on level
                    A         B        C        D         E        F      G
               +---------+---------+-------+---------+---------+-------+---------
         Total |       0 |      37 |   0.0 |       0 |      23 |   0.0 |  1398
               +---------+---------+-------+---------+---------+-------+---------
           D:1 |       0 |      32 |   0.0 |       0 |      20 |   0.0 |  1162
           D:2 |       0 |       5 |   0.0 |       0 |       3 |   0.0 |   236
               +---------+---------+-------+---------+---------+-------+---------
